 Dungeon Crawl Stone Soup version 0.30-a0-29-g142975f185 (webtiles) character file.

Game seed: 18083676354280224146

534 Pooter the Chopper (level 7, -2/55 (61) HPs)
             Began as a Minotaur Monk on Aug 27, 2022.
             Was a Priest of Okawaru.
             Slain by a wight
             ... wielding a +4 halberd of freezing
              (6 damage)
             ... on level 4 of the Dungeon.
             The game lasted 00:20:33 (4801 turns).

Pooter the Chopper (Minotaur Monk)                  Turns: 4801, Time: 00:20:33

HP:   -2/55 (61)    AC:  9    Str: 17    XL:     7   Next: 4%
MP:   5/7           EV: 13    Int:  7    God:    Okawaru [***...]
Gold: 253           SH:  5    Dex: 13    Spells: 6/6 levels left

rFire   . . .      SeeInvis .    a - +0 flail (venom)
rCold   . . .      Faith    .    e - +0 buckler
rNeg    . . .      Spirit   .    n - +0 chain mail
rPois   .          Reflect  .    (helmet restricted)
rElec   .          Harm     .    (no cloak)
rCorr   +          Rampage  .    (no gloves)
Will    .....                    (no boots)
Stlth   ..........               (no amulet)
HPRegen 0.18/turn                C - ring of resist corrosion
MPRegen 0.10/turn                B - +4 ring of evasion

@: heroic, drained
A: horns 2, retaliatory headbutt
a: Renounce Religion, Heroism


You were on level 4 of the Dungeon.
You worshipped Okawaru.
Okawaru was most pleased with you.
You visited 1 branch of the dungeon, and saw 4 of its levels.

You collected 253 gold pieces.

Inventory:

Hand Weapons
 a - a +0 flail of venom (weapon)
   (You took it off a gnoll on level 2 of the Dungeon)
 b - a +0 sling of freezing
   (You found it on level 1 of the Dungeon)
 m - a +0 hand axe
 u - a +0 trident
   (You found it on level 3 of the Dungeon)
Missiles
 d - 13 poisoned darts (quivered)
 Q - 51 stones
Armour
 e - a +0 buckler (worn)
   (You found it on level 1 of the Dungeon)
 n - a +0 chain mail (worn)
   (You took it off Terence on level 2 of the Dungeon)
Jewellery
 x - a ring of fire
   (You found it on level 3 of the Dungeon)
 B - a +4 ring of evasion (right hand)
   (You found it on level 4 of the Dungeon)
 C - a ring of resist corrosion (left hand)
   (You found it on level 4 of the Dungeon)
Wands
 g - a wand of polymorph (10)
   (You found it on level 3 of the Dungeon)
Scrolls
 f - a scroll of immolation {unknown}
 k - a scroll of vulnerability {!r}
 o - a scroll of magic mapping {unknown}
 p - a scroll of fear
 z - a scroll of enchant armour {unknown}
Potions
 c - a potion of ambrosia
 j - 6 potions of curing {@q1}
 l - 3 potions of heal wounds {@q2}
 q - a potion of might {unknown}
 t - a potion of berserk rage {unknown}
 v - a potion of brilliance {unknown}
 w - a potion of degeneration {unknown}


   Skills:
 + Level 5.0(10.0) Fighting
 * Level 6.2(11.2) Axes
 * Level 4.2(9.2) Ranged Weapons
 - Level 3.2(8.2) Dodging
 - Level 1.5(6.5) Stealth
 + Level 2.3 Invocations
 + Level 1.6 Evocations


You had 6 spell levels left.
You didn't know any spells.
Your spell library was empty.

Dungeon Overview and Level Annotations

Branches:
Dungeon (4/15)
 Temple: D:4-7

Altars:
Okawaru

Annotations:
D:4 2 runed translucent doors, baller8008's ghost, amateur DsFi


Innate Abilities, Weirdness & Mutations

You have a pair of horns on your head.
You reflexively headbutt those who attack you in melee.


Message History

Okay, then.
It was a potion of lignification.
You turn into a tree.
Your +0 chain mail melds into your body.
Your roots penetrate the ground.
A wight is nearby!
You gain the combat prowess of a mighty hero.
You sock the wight! The wight barely misses you.
You barely miss the wight. The wight barely misses you.
You sock the wight! You block the wight's attack.
You closely miss the wight. The wight barely misses you.
You sock the wight!
You destroy the wight!
Okawaru accepts your kill.
Your base Fighting skill increases to level 5!
You have reached level 7!
Unknown command.
You start resting.
You start resting.
You feel like a meek peon again.
You start resting.
You start waiting.
Your transformation is almost over.
You feel less wooden.
Your +0 chain mail unmelds from your body.
You start waiting.
A wight is nearby!
Things that are here:
a +0 scimitar; a +0 robe
There is a stone staircase leading up here.
As you read the scroll labelled OGIOCU OTIAPYHA, it crumbles to dust.
It is a scroll of brand weapon.
Your +0 flail drips with poison.
a - a +0 flail of venom (weapon)
You gain the combat prowess of a mighty hero.
The wight barely misses you. You furiously retaliate!
You headbutt the wight! You barely miss the wight.
The wight hits you with a +4 halberd of freezing!
You feel drained. The wight freezes you.
You closely miss the wight.
The wight hits you with a +4 halberd of freezing!
* * * LOW HITPOINT WARNING * * *
The wight freezes you!
* * * LOW HITPOINT WARNING * * *
You hit the wight but do no damage.
The wight hits you with a +4 halberd of freezing!
* * * LOW HITPOINT WARNING * * *
You feel drained.
* * * LOW HITPOINT WARNING * * *
The wight freezes you.
You die...

#.#......# ######..........###
#<#......#####..................
#.#......##..(>####...........##
#.#......##.....# ##..........#
#.#.............# #..........#
#[#.......##....# #..........##
#.#.............# #............
#.#......##....z##########......
#.........#....@)....# #......
######.....#.....<....# #######
.....#.#####..........######≈##≈#
####.#.# #...............#.≈.##
##.#.# #.##'#.######...#.≈...
###....# #.##.#.### #...+.#≈.#
.....### #.##.....# #...+..§$.
##...#######.#....#.# ##..#~⌠§§#
#............##.###.#####..#.~#.#


You could see a wight.

Vanquished Creatures
  A phantom (D:4)
  Blork the orc (D:4)
  A scorpion (D:4)
  2 wights (D:4)
  An iguana (D:4)
  Natasha (twice) (D:4)
  Terence (D:2)
  3 gnolls (D:2)
  5 adders
  A dart slug (D:1)
  An orc (D:4)
  4 bats
  5 endoplasms
  3 giant cockroaches
  6 goblins
  3 hobgoblins
  6 kobolds
  9 ball pythons
  A frilled lizard (D:1)
  4 rats
60 creatures vanquished.

Notes
Turn   | Place    | Note
-------+----------+-------------------------------------------
     0 | D:1      | Pooter the Minotaur Monk began the quest for the Orb.
     0 | D:1      | Reached XP level 1. HP: 19/19 MP: 0/0
   248 | D:1      | Reached skill level 1 in Ranged Weapons
   265 | D:1      | Reached XP level 2. HP: 27/27 MP: 1/1
   273 | D:1      | Reached skill level 4 in Axes
   298 | D:1      | Found a faded altar of an unknown god.
   308 | D:1      | Prayed at the altar of an unknown god.
   308 | D:1      | Became a worshipper of Warmaster Okawaru
   308 | D:1      | Reached * piety under Okawaru
   308 | D:1      | Reached ** piety under Okawaru
   900 | D:2      | Reached XP level 3. HP: 33/33 MP: 2/2
   988 | D:2      | Reached *** piety under Okawaru
   991 | D:2      | Reached XP level 4. HP: 11/40 MP: 0/3
  1239 | D:2      | Noticed Terence
  1249 | D:2      | Killed Terence
  1250 | D:2      | Reached skill level 1 in Invocations
  2930 | D:4      | Reached skill level 5 in Axes
  2935 | D:4      | Reached XP level 5. HP: 36/47 MP: 3/5
  3350 | D:4      | Noticed Blork the orc
  3371 | D:4      | Killed Blork the orc
  3372 | D:4      | Reached skill level 1 in Evocations
  3372 | D:4      | Reached XP level 6. HP: 8/53 MP: 4/6
  3765 | D:4      | Found a large runed translucent door.
  3807 | D:4      | Found a large runed translucent door.
  3812 | D:4      | Noticed baller8008's ghost (amateur DsFi)
  4000 | D:4      | Noticed Natasha
  4009 | D:4      | Killed Natasha
  4523 | D:4      | Noticed Natasha
  4532 | D:4      | Killed Natasha
  4660 | D:4      | Reached skill level 6 in Axes
  4677 | D:4      | Reached skill level 5 in Fighting
  4677 | D:4      | Reached XP level 7. HP: 61/61 MP: 4/7
  4801 | D:4      | Slain by a wight

Illustrated notes

Levels and vault maps discovered:
D:1:      roderic_octagonal_star, layout_loops_ring,
          nicolae_ecumenical_snake_handling
D:2:      layout_loops_corners, uniq_terence
D:3:      layout_basic, chequers_arboretum, minmay_misc_feat_rugged
D:4:      layout_basic, temple_hall, ebering_ghost_disaster_area,
          serial_corexii_hall, chequers_hall_statues_corner_a,
          corexii_hall_statues_x, uniq_blork_the_orc, uniq_natasha

Skill      XL: |  1  2  3  4  5  6 |
---------------+-------------------+-----
Ranged Weapons | 1 2 3 4 |  4.2
Axes           | 4 5 6 |  6.2
Fighting       | 4 5 |  5.0
Invocations    | 1 2 |  2.3
Evocations     | 1 |  1.6
Dodging        | |  3.2
Stealth        | |  1.5

Action                   |  1- 3 |  4- 6 |  7- 9 || total
-------------------------+-------+-------+-------++-------
Melee: Hand axe          |    10 |       |       ||    10
       Headbutt          |     2 |    19 |       ||    21
       Flail             |       |    88 |     3 ||    91
 Fire: Sling             |    54 |    44 |       ||    98
Throw: Dart              |       |     4 |       ||     4
       Javelin           |       |     3 |       ||     3
Invok: Heroism           |     1 |     8 |     1 ||    10
  Use: Scroll            |       |     7 |     1 ||     8
       Potion            |       |     1 |       ||     1
Armor: Robe              |     1 |       |       ||     1
       Chain mail        |       |    43 |       ||    43
Dodge: Dodged            |    16 |    42 |     1 ||    59
Block: Buckler           |     4 |    21 |       ||    25

Table legend: (Time is in decaauts)
 A = Elapsed time spent in this place.
 B = Non-inter-level travel time spent in this place.
 C = Inter-level travel time spent in this place.
 D = Time resting spent in this place.
 E = Time spent auto-exploring this place.
 F = Levels seen in this place.
 G = Mean time per level.
                   A        B        C        D        E       F      G
               +--------+--------+--------+--------+--------+-----+--------+
         Total |   4866 |   4742 |    124 |   1220 |   2871 |   4 | 1216.5 |
       Dungeon |   4866 |   4742 |    124 |   1220 |   2871 |   4 | 1216.5 |
               +--------+--------+--------+--------+--------+-----+--------+

Top non-repeatable levels by time:
     D:4: 1547 daAuts
     D:3: 1318 daAuts
     D:2: 1087 daAuts
     D:1: 912 daAuts
